 Dungeon Crawl Stone Soup version 0.19-a0 (webtiles) character file.

714 Loki the Grappler (level 7, -2/66 HPs)
             Began as a Troll Warper on Apr 27, 2016.
             Was a Follower of Cheibriados.
             Slain by an orc
             ... wielding a +0 trident
              (7 damage)
             ... on level 8 of the Dungeon.
             The game lasted 01:09:25 (990 turns).

Loki the Grappler (Troll Warper)                     Turns: 990, Time: 01:09:25

Health: -2/66      AC:  6    Str: 23    XL:     7   Next: 41%
Magic:  7/7        EV: 10    Int: 14    God:    Cheibriados [*.....]
Gold:   17         SH:  0    Dex: 12    Spells: 1 memorised, 7 levels left

rFire  . . .     SeeInvis .       - Unarmed
rCold  + . .     Gourm    +     r - +1 robe of Grace {rC+}
rNeg   . . .     Faith    .     (no shield)
rPois  .         Spirit   .     (helmet restricted)
rElec  .         Dismiss  .     (no cloak)
rCorr  .         Reflect  .     (gloves unavailable)
SustAt .         Harm     .     (boots unavailable)
MR     .....                    (no amulet)
Stlth  +.........               (no ring)
                                (no ring)

@: lethally poisoned (-2 -> -2), very slow, not resistant to hostile
enchantments, very unstealthy
A: unfitting armour, claws 3, fast metabolism 3, gourmand, regeneration 2,
shaggy fur 1, tough skin 2
a: Bend Time, Renounce Religion


You were on level 8 of the Dungeon.
You worshipped Cheibriados.
Cheibriados was aware of your devotion.
You were very full.

You visited 1 branch of the dungeon, and saw 9 of its levels.
You also visited: Ossuary.

You collected 165 gold pieces.
You spent 148 gold pieces at shops.

Inventory:

Missiles
 d - 5 tomahawks of dispersal (quivered)
Armour
 a - a +0 robe
 r - the +1 robe of Grace (worn) {rC+}
   (You bought it in a shop on level 7 of the Dungeon)

   It protects you from cold.
Wands
 j - a wand of confusion (17/48)
Scrolls
 c - 3 scrolls of blinking
 e - 4 scrolls of teleportation
 i - 3 scrolls of remove curse {unknown}
 l - 2 scrolls of identify {unknown}
 m - a scroll of immolation {unknown}
Potions
 h - a potion of brilliance {unknown}
 k - a potion of invisibility {unknown}
 o - 2 potions of curing
 p - a potion of heal wounds {unknown}
 q - a potion of magic {unknown}
Books
 b - a book of Spatial Translocations

   Spells                             Type                      Level
   a - Apportation                    Translocation                1
   b - Blink                          Translocation                2
   c - Shroud of Golubria             Charms/Translocation         2
   d - Portal Projectile              Translocation                3
   e - Teleport Other                 Translocation                3
   f - Passage of Golubria            Translocation                4
 n - a book of the Warp

   Spells                             Type                      Level
   a - Recall                         Summoning/Translocation      3
   b - Gell's Gravitas                Hexes/Translocation          3
   c - Force Lance                    Conjuration/Translocation    4
   d - Warp Weapon                    Charms/Translocation         5
   e - Summon Forest                  Summoning/Translocation      5
Comestibles
 f - 2 bread rations
 g - a meat ration


   Skills:
 + Level 2.7 Fighting
 - Level 0.8 Throwing
 - Level 1.9 Dodging
 * Level 8.0 Unarmed Combat
 - Level 1.2 Spellcasting
 - Level 2.1 Translocations


You had 7 spell levels left.
You knew the following spells:

 Your Spells              Type           Power        Failure   Level  Hunger
a - Apportation           Tloc           #.........   12%         1    ##.....


Dungeon Overview and Level Annotations

Branches:
Dungeon (9/15)
 Temple: D:4-7         Lair: D:8-11         Orc: D:9-12

Altars:
Cheibriados
Gozag
Makhleb
The Shining One

Shops:
D:7 [


Innate Abilities, Weirdness & Mutations

You are too large for most types of armour.
You have claws for hands.
Your metabolism is lightning-fast.
You like to eat raw meat.
You heal very quickly.
You are covered in fur (AC +1).
You have very tough skin (AC +2).


Message History

3 orcs and an orc wizard come into view.
You feel sick.
The orc shouts!
An orc comes into view. It is wielding a mace.
The orc shouts!
The orc hits you but does no damage.
There is a stone staircase leading down here.
You feel sick.
The orc shouts!
You climb downwards.
A killer bee comes into view.
Found 19 gold pieces.
There is a stone staircase leading up here.
As you open the door, it creaks loudly!
The killer bee buzzes angrily.
A giant frog skeleton comes into view.
The giant frog skeleton moves out of view.
You climb upwards.
You feel sick. The orc hits you with a trident.
* * * LOW HITPOINT WARNING * * *
The orc hits you with a trident!
You die...

##### #...#
#...#
#######...#
#.....#...#
##....@....#
#..o..oo...#
........#<..#
.##.....#####
#..o..#
#..o..#
#......#
.......#
.###.#.


You could see an orc wizard (wandering) and 4 orcs.

Vanquished Creatures
  A hungry ghost (D:5)
  An ice beast (D:5)
  A necrophage (D:5)
  An electric eel (D:7)
  3 crimson imps
  A human zombie (Ossuary)
  A centaur zombie (Ossuary)
  2 worker ants
  Terence (D:2)
  A hound zombie (Ossuary)
  3 mummies (Ossuary)
  An adder (D:5)
  An ooze (D:1)
  4 adder zombies (Ossuary)
  4 orcs (D:5)
  A giant cockroach (D:4)
  2 gnoll zombies (Ossuary)
  A goblin (D:2)
  2 hobgoblins
  7 jackals
  2 kobolds (D:1)
  2 quokkas
  A giant newt (D:4)
  2 goblin zombies (Ossuary)
  2 hobgoblin zombies (Ossuary)
  3 jackal zombies (Ossuary)
  2 kobold zombies (Ossuary)
  An orc zombie (Ossuary)
  2 quokka zombies
  A rat (D:2)
  4 rat zombies (Ossuary)
61 creatures vanquished.

Vanquished Creatures (others)
  A quokka zombie (D:7)
1 creature vanquished.

Grand Total: 62 creatures vanquished

Notes
Turn   | Place    | Note
--------------------------------------------------------------
     0 | D:1      | Loki the Troll Warper began the quest for the Orb.
     0 | D:1      | Reached XP level 1. HP: 19/19 MP: 1/1
   101 | D:1      | Reached XP level 2. HP: 17/27 MP: 2/2
   155 | D:2      | Found a glowing golden altar of the Shining One.
   177 | D:1      | Reached skill level 3 in Unarmed Combat
   210 | D:2      | Noticed Terence
   215 | D:2      | Killed Terence
   215 | D:2      | Reached XP level 3. HP: 23/33 MP: 3/3
   257 | D:4      | Found an opulent altar of Gozag.
   276 | D:5      | Entered Level 5 of the Dungeon
   303 | D:5      | Noticed a necrophage
   312 | D:5      | Killed a necrophage
   312 | D:5      | Reached skill level 5 in Unarmed Combat
   312 | D:5      | Reached XP level 4. HP: 37/40 MP: 4/4
   334 | D:5      | Reached XP level 5. HP: 40/47 MP: 5/5
   390 | D:5      | Noticed a hungry ghost
   404 | D:5      | Killed a hungry ghost
   404 | D:5      | Reached skill level 6 in Unarmed Combat
   404 | D:5      | Reached XP level 6. HP: 49/54 MP: 6/6
   413 | D:5      | Found a snail-covered altar of Cheibriados.
   421 | D:5      | Became a worshipper of Cheibriados the Contemplative
   443 | D:5      | Noticed an ice beast
   462 | D:5      | Killed an ice beast
   462 | D:5      | Reached skill level 7 in Unarmed Combat
   542 | D:5      | You fall through a shaft!
   542 | D:6      | Found a burning altar of Makhleb.
   689 | D:7      | Found a sand-covered staircase.
   696 | Ossuary  | Entered an ossuary
   734 | Ossuary  | Reached XP level 7. HP: 52/64 MP: 7/7
   753 | Ossuary  | Reached * piety under Cheibriados
   900 | D:7      | Found Ziukluh's Antique Armour Emporium.
   906 | D:7      | Bought a heavy robe for 148 gold pieces
   916 | D:7      | Identified the +1 robe of Grace {rC+} (You bought it in a shop on level 7 of the Dungeon)
   952 | D:7      | Reached skill level 8 in Unarmed Combat
   990 | D:8      | Slain by an orc

Vault maps used:
D:1:      minmay_arrival_doors
D:2:      tso_metal_star, first_bread, uniq_terence
D:4:      grunt_temple_overflow_bloody_war, grunt_gozag_breadcrumbs,
          lemuel_crystal_altar
D:5:      lemuel_coloured_pillars_altar, lemuel_doored_altar, uniq_pikel
D:6:      basic_altar, uniq_blork_the_orc
D:7:      xom_teletrap_fun, minmay_temple_entry_mist, serial_shops, shop,
          enter_ossuary_4, the_bakery, minivault_14, minmay_misc_feat_x,
          hex_large, minmay_misc_feat_ornament
D:8:      nicolae_ashenzari_panopticon, marbit_many_paths, lair_0_dummy
D:9:      serial_shops, shop_statue, cheibriados_altar_1
Ossuary:  minmay_ossuary_two_tombs

Skill      XL: |  1  2  3  4  5  6  7 |
---------------+----------------------+-----
Unarmed Combat | 3 5 6 7 8 |  8.0
Fighting       | 2 |  2.7
Throwing       | |  0.8
Dodging        | |  1.9
Spellcasting   | |  1.2
Translocations | |  2.1

Action                   |  1- 3 |  4- 6 |  7- 9 || total
-------------------------+-------+-------+-------++-------
Melee: Unarmed           |    52 |    83 |    74 ||   209
       Punch             |     1 |     5 |     1 ||     7
 Cast: Apportation       |     3 |       |     5 ||     8
Evoke: Wand              |       |     3 |       ||     3
  Use: Scroll            |       |       |     1 ||     1
       Potion            |       |       |     1 ||     1
 Stab: Confused          |       |     2 |       ||     2
  Eat: Chunk             |       |     5 |     2 ||     7
       Fruit             |       |     4 |       ||     4
       Bread ration      |       |     1 |       ||     1
Armor: Robe              |    43 |    47 |    98 ||   188
       Skin              |       |       |     3 ||     3
Dodge: Dodged            |    59 |    64 |   142 ||   265
